 Dungeon Crawl Stone Soup version 0.26-a0-962-g9b92081034 (webtiles) character file.

Game seed: 10072318588883444322

71 Dracia the Poker (level 4, -1/33 HPs)
             Began as a Demonspawn Warper on Dec 2, 2020.
             Succumbed to an adder's poison
             ... on level 2 of the Dungeon.
             The game lasted 00:03:49 (1713 turns).

Dracia the Poker (Demonspawn Warper)                Turns: 1713, Time: 00:03:50

Health: -1/33      AC:  4    Str: 13    XL:     4   Next: 5%
Magic:  3/7        EV: 12    Int: 20    God:
Gold:   96         SH:  0    Dex: 12    Spells: 2/7 levels left

rFire    . . .     SeeInvis .   i - +0 halberd
rCold    + . .     Faith    .   (shield currently unavailable)
rNeg     . . .     Spirit   +   b - +0 leather armour
rPois    .         Reflect  .   (no helmet)
rElec    .         Harm     .   (no cloak)
rCorr    .         Rampage  .   f - +0 pair of gloves
MR       .....                  (no boots)
Stlth    +.........             c - amulet of guardian spirit
HPRegen  0.11/turn              o - +6 ring of intelligence
MPRegen  0.10/turn              j - ring of protection from cold

@: lethally poisoned (-1 -> -15)
A: powered by pain 1, rot immunity
a: no special abilities


You were on level 2 of the Dungeon.
You visited 1 branch of the dungeon, and saw 2 of its levels.

You collected 96 gold pieces.


Innate Abilities, Weirdness & Mutations

You sometimes gain a little power by taking damage.
You are immune to rotting.


   Skills:
 - Level 2.0 Fighting
 * Level 3.4 Polearms
 - Level 0.8 Throwing
 - Level 0.8 Armour
 - Level 1.7 Dodging
 - Level 2.0 Spellcasting
 + Level 3.3 Translocations


You had 2 spell levels left.
You knew the following spells:

 Your Spells              Type           Power        Failure   Level
a - Blink                 Tloc           N/A          8%          2
b - Gell's Gravitas       Tloc           ###.......   16%         3

Your spell library contained the following spells:

 Spells                   Type           Power        Failure   Level
 Lesser Beckoning         Tloc           ###.......   16%         3
 Teleport Other           Tloc           ###.....     16%         3
 Passage of Golubria      Tloc           N/A          45%         4

Inventory:

Hand Weapons
 a - a +1 spear
 i - a +0 halberd (weapon)
Missiles
 e - 5 boomerangs of dispersal (quivered) {=f}
Armour
 b - a +0 leather armour (worn)
 f - a +0 pair of gloves (worn)
Jewellery
 c - an amulet of guardian spirit (around neck)
 h - an uncursed ring of flight
 j - a ring of protection from cold (right hand)
 o - a +6 ring of intelligence (left hand)
Scrolls
 d - a scroll of blinking
 k - 2 scrolls of identify {@r1}

Dungeon Overview and Level Annotations

Branches:
Dungeon (2/15)

Altars:

#####..>#...........P.P♣..8
#.........P♣.#+#.............
#.........♣.[# #....♣P....8..
#..).†..#♣.♣.###...♣.PP. ...
#.......# ♣P........
##.......# ♣♣.....♣♣
.........# .....♣.♣
........## ♣♣....♣P♣
........# ♣♣.†@..P♣ ........#
#♣♣.♣P♣..♣.♣ ........#
#..♣♣♣..♣P♣ .##'##..# #.♣.♣
♣..P♣ .#≈≈≈#..# #.♣#.♣ .....
.+≈≈≈+..###.##.♣.♣..♣♣
.#≈≈≈#..........♣ ♣..♣
###+##.#######.P..♣♣♣. ...#
.P.♣


There were no monsters in sight!


Message History

You are lethally poisoned!
The adder poisons you! The adder barely misses you.
You hit the adder.
The adder is severely wounded.
* * * LOW HITPOINT WARNING * * *
You feel sick. The adder bites you.
* * * LOW HITPOINT WARNING * * *
You are more poisoned.
The adder poisons you!
You completely miss the adder.
The adder is severely wounded.
* * * LOW HITPOINT WARNING * * *
You feel very sick. The adder barely misses you. x2
You barely miss the adder.
The adder is severely wounded.
* * * LOW HITPOINT WARNING * * *
You feel sick. The adder closely misses you. The adder barely misses you.
You puncture the adder!
You kill the adder!
* * * LOW HITPOINT WARNING * * *
You feel sick.
You have reached level 4!
You feel stronger.
Your demonic ancestry asserts itself...
You feel immune to rotting.
* * * LOW HITPOINT WARNING * * *
You feel sick.
You see here an adder corpse.
Unknown command.
You die...

Skill      XL: |  1  2  3 |
---------------+----------+-----
Polearms       | 2 3 |  3.4
Translocations | 3 |  3.3
Fighting       | |  2.0
Throwing       | |  0.8
Armour         | |  0.8
Dodging        | |  1.7
Spellcasting   | |  2.0

Action                   |  1- 3 |  4- 6 || total
-------------------------+-------+-------++-------
Melee: Spear             |    72 |       ||    72
       Halberd           |    77 |       ||    77
  Use: Scroll            |     6 |       ||     6
       Potion            |     3 |       ||     3
Armor: Leather armour    |    39 |       ||    39
Dodge: Dodged            |    96 |       ||    96

Levels and vault maps discovered:
D:1:      dpeg_arrival_rooms_with_view, layout_loops_ring
D:2:      wad_woods_settlement, layout_basic, grunt_dithmenos_smoke,
          minmay_liquid_box

Notes
Turn   | Place    | Note
-------+----------+-------------------------------------------
     0 | D:1      | Dracia the Demonspawn Warper began the quest for the Orb.
     0 | D:1      | Reached XP level 1. HP: 16/16 MP: 3/3
    57 | D:1      | Reached skill level 2 in Polearms
    99 | D:1      | Gained mutation: You sometimes gain a little power by
                  | taking damage. [demonic ancestry]
    99 | D:1      | Reached XP level 2. HP: 22/22 MP: 5/5
   284 | D:1      | Reached skill level 3 in Translocations
   675 | D:1      | Learned a level 2 spell: Blink
   835 | D:2      | Reached XP level 3. HP: 4/27 MP: 2/6
  1099 | D:2      | Reached skill level 3 in Polearms
  1641 | D:2      | Learned a level 3 spell: Gell's Gravitas
  1711 | D:2      | HP: 1/27 [poisoned by an adder]
  1712 | D:2      | Gained mutation: You are immune to rotting. [demonic
                  | ancestry]
  1712 | D:2      | Reached XP level 4. HP: 2/33 MP: 3/7
  1713 | D:2      | Succumbed to an adder's poison

Vanquished Creatures
  A gnoll (D:2)
  2 adders (D:2)
  2 dart slugs
  A leopard gecko (D:1)
  2 bats
  3 giant cockroaches
  5 goblins
  4 hobgoblins (D:1)
  4 jackals (D:2)
  2 kobolds (D:1)
  3 quokkas (D:2)
  3 frilled lizards (D:1)
  3 rats
35 creatures vanquished.

Vanquished Creatures (others)
  A plant (D:2)
1 creature vanquished.

Grand Total: 36 creatures vanquished

Table legend: (Time is in decaauts)
 A = Elapsed time spent in this place.
 B = Non-inter-level travel time spent in this place.
 C = Inter-level travel time spent in this place.
 D = Time resting spent in this place.
 E = Time spent auto-exploring this place.
 F = Levels seen in this place.
 G = Mean time per level.
                   A        B        C        D        E       F      G
               +--------+--------+--------+--------+--------+-----+--------+
         Total |   1734 |   1710 |     24 |    517 |    885 |   2 |  867.0 |
       Dungeon |   1734 |   1710 |     24 |    517 |    885 |   2 |  867.0 |
               +--------+--------+--------+--------+--------+-----+--------+

Top non-repeatable levels by time:
     D:2: 1028 daAuts
     D:1: 705 daAuts

Table legend:
 A = Non-vault XP
 B = Vault XP
 C = Vault XP percentage of total XP
 D = Non-vault monster count
 E = Vault monster count
 F = Vault count percentage of total count
                 A         B        C        D         E       F
            +---------+---------+-------+---------+---------+-------
      Total |      79 |      23 |  22.5 |      30 |       5 |  14.3
            +---------+---------+-------+---------+---------+-------
        D:1 |      32 |       4 |  11.1 |      17 |       2 |  10.5
        D:2 |      47 |      19 |  28.8 |      13 |       3 |  18.8
            +---------+---------+-------+---------+---------+-------
